 Dungeon Crawl Stone Soup version 0.23.1 (webtiles) character file.

Game seed: 0

2536 Luthien the Conjurer (level 9, -6/52 HPs)
             Began as a Deep Elf Wizard on Mar 2, 2019.
             Was an Initiate of Vehumet.
             Mangled by a yak (16 damage)
             ... on level 8 of the Dungeon.
             The game lasted 01:43:52 (14557 turns).

Luthien the Conjurer (Deep Elf Wizard)             Turns: 14557, Time: 01:43:52

Health: -6/52      AC:  6    Str:  4    XL:     9   Next: 30%
Magic:  8/20       EV: 15    Int: 28    God:    Vehumet [......]
Gold:   465        SH:  4    Dex: 21    Spells: 9/21 levels left

rFire    . . .     SeeInvis .   n - staff of wizardry (curse)
rCold    . . .     Gourm    .   v - +0 buckler
rNeg     . . .     Faith    .   U - +0 leather armour
rPois    .         Spirit   .   b - +0 hat
rElec    .         Reflect  .   r - +0 cloak
rCorr    .         Harm     .   S - +1 pair of gloves
MR       .....                  (no boots)
Stlth    +++.......             (no amulet)
HPRegen  0.17/turn              o - +4 ring of intelligence
MPRegen  0.17/turn              s - +5 ring of dexterity

@: no status effects
A: no striking features
a: Renounce Religion


You were on level 8 of the Dungeon.
You worshipped Vehumet.
Vehumet was noncommittal.
You were not hungry.

You visited 2 branches of the dungeon, and saw 10 of its levels.
You also visited: Sewer.

You collected 465 gold pieces.

Inventory:

Hand Weapons
 e - a +0 whip
 k - a +0 short sword
 l - a +1 short sword of distortion
 m - a +0 quarterstaff
 y - a +0 short sword
 J - a +0 hunting sling
 V - a +0 mace
 W - a +0 quarterstaff
 X - the +7 mace of Cobwebs {protect, rElec rPois, unknown}
   (You found it on level 6 of the Dungeon)

   It protects the one who uses it against injury (+AC on strike).
   It insulates you from electricity.
   It protects you from poison.
 Z - the +0 mace of the Absolute Madman {crush, *Rage Str+3 Int+2, unknown}
   (You found it on level 7 of the Dungeon)

   It inflicts extra damage upon your enemies.
   It affects your strength (+3).
   It affects your intelligence (+2).
   It may make you go berserk in combat.
Missiles
 g - 192 stones (quivered)
 p - 3 needles of paralysis
 C - 94 arrows
 H - 67 sling bullets
 K - 53 bolts
Armour
 b - a +0 hat (worn)
 r - a +0 cloak (worn)
 v - a +0 buckler (worn)
 S - a +1 pair of gloves (worn)
 U - a +0 leather armour (worn)
Magical Staves
 n - a cursed staff of wizardry (weapon)
Jewellery
 o - a +4 ring of intelligence (left hand)
 q - an uncursed ring of magical power {unknown}
 s - a +5 ring of dexterity (right hand)
 G - an uncursed ring of fire
 P - an uncursed ring of protection from fire
Wands
 a - a wand of digging (6)
 h - a wand of paralysis (13)
 w - a wand of polymorph (8)
 Q - a wand of scattershot (3)
Scrolls
 c - 4 scrolls of identify
 i - a scroll of blinking
 j - 3 scrolls of enchant weapon
 u - a scroll of amnesia
 x - a scroll of teleportation
 A - 2 scrolls of fear
Potions
 f - 2 potions of agility
 t - 2 potions of curing
 z - 3 potions of berserk rage
 F - a potion of degeneration {unknown}
 I - a potion of flight {unknown}
 N - a potion of lignification {unknown}
 O - a potion of brilliance {unknown}
 R - a potion of invisibility {unknown}
 T - a potion of haste {unknown}
Comestibles
 d - 15 rations


   Skills:
 + Level 3.7 Fighting
 + Level 6.2 Dodging
 + Level 6.3 Stealth
 - Level 6.6 Spellcasting
 + Level 7.3 Conjurations
 - Level 5.1 Summonings
 - Level 3.7 Translocations


You had 9 spell levels left.
You knew the following spells:

 Your Spells              Type           Power        Failure   Level  Hunger
a - Magic Dart            Conj           ####         1%          1    None
b - Blink                 Tloc           N/A          2%          2    None
c - Call Imp              Summ           #####...     1%          2    None
d - Conjure Flame         Conj/Fire      ####....     4%          3    None
e - Animate Skeleton      Necr           N/A          7%          1    None
f - Regeneration          Chrm/Necr      #.........   21%         3    None

Your spell library contained the following spells:

 Spells                   Type           Power        Failure   Level  Hunger
 Apportation              Tloc           ####..       1%          1    None
 Summon Small Mammal      Summ           ####         1%          1    None
 Confusing Touch          Hex            #.....       7%          1    None
 Pain                     Necr           #...         7%          1    None
 Mephitic Cloud           Conj/Pois/Air  ###.....     8%          3    None
 Slow                     Hex            #.......     11%         2    None
 Vampiric Draining        Necr           #.........   21%         3    None
 Animate Dead             Necr           N/A          52%         4    ###....


Dungeon Overview and Level Annotations

Branches:
Dungeon (9/15)             Temple (1/1) D:7            Lair (0/6) D:8
    Orc: D:9-12

Altars:
Ashenzari
Cheibriados
Dithmenos
Elyvilon
Gozag
Hepliaklqana
Kikubaaqudgha
Makhleb
Nemelex Xobeh
Okawaru
Ru
Sif Muna
Trog
Uskayaw
Vehumet
Wu Jian
Xom
Yredelemnul
Zin
The Shining One

Annotations:
D:3 2 transporters, Lanoc's ghost, amateur FoGl
D:6 5 runed translucent doors
D:8 !troll, insects


Message History

Casting: Magic Dart (safe; 1% risk of failure)
Confirm with . or Enter, or press ? or * to list all spells.
Aiming: Magic Dart (safe; 1% risk of failure)
Press: ? - help, Shift-Dir - straight line, f/p - yak
Aim: a yak (severely wounded)
The magic dart hits the yak but does no damage.
The yak is severely wounded.
The yak gores you!
* * * LOW HITPOINT WARNING * * *
Your crimson imp blinks!
Your crimson imp hits the yak.
Casting: Magic Dart (safe; 1% risk of failure)
Confirm with . or Enter, or press ? or * to list all spells.
Aiming: Magic Dart (safe; 1% risk of failure)
Press: ? - help, Shift-Dir - straight line, f/p - yak
Aim: a yak (severely wounded)
The magic dart hits the yak.
The yak is almost dead.
The yak gores you!
You die...

### #.#########################
#.....Y......#.ZZ.........#
#.##########.#.##########.###
#####.#.5.Z.5.#..#.# #......
......#5#####.#.##.########.#.##.
#######Z# #Z#.5#.#........#.#..
......#.# #.#§Y#.#.########.#..
#####.#5# #.#.@#.#.##.o..).<#..
#.#.# #.####.#......T...#.. #.#.#
#........##)#######..
#####.#.##########.#..........#..
................o........).......
#####.#.#####5####.#..#..####.#..
#.#.#####.#.[..#..##.# #.#.#
#.#.......#.##.#..##.# #....
#.##.....##.##.#..##.# ###.#


You could see a yak and a friendly crimson imp.

Vanquished Creatures
  A yak (D:7)
  A hungry ghost (D:8)
  An orc warrior (D:8)
  A centaur (D:8)
  2 ogres
  2 bullfrogs
  2 killer bees
  2 crimson imps
  2 jellies
  2 bullfrog zombies
  2 centaur skeletons
  2 orc wizards
  An orc priest (D:4)
  A hound (D:5)
  A hound skeleton (D:5)
  3 gnolls
  9 adders
  3 oozes
  An adder zombie (D:6)
  A worm (D:2)
  3 dart slugs
  4 leopard geckos
  10 orcs
  6 bats
  4 giant cockroaches
  7 goblins
  3 hobgoblins
  12 jackals
  11 kobolds
  A quokka (D:8)
  3 ball pythons
  5 frilled lizards
  2 gnoll zombies (D:4)
  A jackal skeleton (D:5)
  3 rats
  A fungus (D:2)
116 creatures vanquished.

Vanquished Creatures (collateral kills)
  A yak (D:7)
  2 hungry ghosts
  Edmund (D:6)
  Purgy (Sewer)
  An ice beast (D:6)
  A black bear (D:4)
  A sky beast (D:5)
  An ogre (D:8)
  An eye of draining (D:8)
  2 necrophages
  A centaur (D:8)
  A bullfrog (D:6)
  4 scorpions
  A howler monkey (D:7)
  A crimson imp (D:9)
  3 jellies
  Crazy Yiuf (D:7)
  3 orc wizards
  2 worker ants
  5 gnolls
  A worker ant zombie (D:5)
  A howler monkey skeleton (D:4)
  5 adders
  5 oozes
  3 worms
  A dart slug (D:1)
  3 leopard geckos
  7 orcs
  A bat (D:2)
  A giant cockroach (D:6)
  5 goblins
  2 hobgoblins (D:1)
  2 jackals
  3 kobolds
  3 quokkas
  A ball python (D:6)
  4 frilled lizards
  A leopard gecko skeleton (D:4)
  A quokka zombie (D:7)
  A rat (D:1)
85 creatures vanquished.

Grand Total: 201 creatures vanquished

Notes
Turn   | Place    | Note
-------+----------+-------------------------------------------
     0 | D:1      | Luthien the Deep Elf Wizard began the quest for the Orb.
     0 | D:1      | Reached XP level 1. HP: 10/10 MP: 7/7
   260 | D:1      | Reached skill level 2 in Conjurations
   260 | D:1      | Reached XP level 2. HP: 15/15 MP: 1/9
   264 | D:1      | Learned a level 2 spell: Blink
   267 | D:1      | Learned a level 2 spell: Call Imp
   654 | D:1      | Reached XP level 3. HP: 19/19 MP: 2/10
  1134 | D:1      | Reached skill level 3 in Conjurations
  1635 | D:2      | Reached XP level 4. HP: 24/24 MP: 10/12
  1808 | D:2      | Found a snail-covered altar of Cheibriados.
  2493 | D:2      | Found a sacrificial altar of Ru.
  2880 | D:3      | Found a transporter.
  2886 | D:3      | Reached XP level 5. HP: 28/28 MP: 8/13
  3096 | D:3      | Reached skill level 4 in Conjurations
  3106 | D:3      | Found a transporter.
  3209 | D:3      | Noticed Lanoc's ghost (amateur FoGl)
  3886 | D:4      | Reached XP level 6. HP: 28/32 MP: 1/14
  4046 | D:4      | Learned a level 3 spell: Conjure Flame
  4360 | D:4      | Reached skill level 5 in Conjurations
  4560 | D:4      | Reached skill level 5 in Stealth
  4637 | D:4      | Reached XP level 7. HP: 32/36 MP: 8/16
  4752 | D:4      | Reached skill level 5 in Spellcasting
  4950 | D:4      | Found a basalt altar of Yredelemnul.
  5097 | D:5      | Entered Level 5 of the Dungeon
  5233 | D:5      | Found an iron altar of Okawaru.
  6025 | D:5      | Found an ancient bone altar of Kikubaaqudgha.
  6172 | D:6      | Reached skill level 1 in Fighting
  6173 | D:6      | Found a glowing drain.
  6275 | Sewer    | Entered a sewer
  6278 | Sewer    | Noticed Purgy
  6305 | Sewer    | Killed Purgy
  6305 | Sewer    | Reached XP level 8. HP: 8/43 MP: 4/19
  7047 | D:6      | Found the +9 staff of Olgreb {rPois}
  7080 | D:6      | Found a runed translucent door.
  7085 | D:6      | Found a runed translucent gate.
  8618 | D:6      | Found a runed translucent gate.
  8625 | D:6      | Found a runed translucent gate.
  8751 | D:6      | Learned a level 1 spell: Animate Skeleton
  8755 | D:6      | Learned a level 3 spell: Regeneration
  8962 | D:6      | Got a dazzling mace
  9266 | D:6      | Noticed Edmund
  9363 | D:6      | Killed Edmund
  9363 | D:6      | Reached skill level 6 in Conjurations
  9363 | D:6      | Reached skill level 5 in Summonings
  9746 | D:6      | Found a runed translucent door.
 10602 | D:7      | Found a staircase to the Ecumenical Temple.
 10703 | D:8      | Found a shadowy altar of Dithmenos.
 10726 | D:8      | Noticed a troll
 10928 | Temple   | Entered the Ecumenical Temple
 10941 | Temple   | Became a worshipper of Vehumet
 11041 | D:7      | Got a shimmering mace
 11044 | D:7      | Found a runed translucent door.
 11045 | D:7      | Noticed Crazy Yiuf
 11133 | D:7      | Killed Crazy Yiuf
 11568 | D:8      | Found a staircase to the Lair.
 11908 | D:8      | Found an ornate altar of the Wu Jian Council.
 11967 | D:8      | Reached skill level 5 in Dodging
 12828 | D:8      | Found a white marble altar of Elyvilon.
 12962 | D:8      | Reached XP level 9. HP: 51/51 MP: 4/20
 13099 | D:8      | Reached skill level 7 in Conjurations
 14557 | D:8      | Mangled by a yak

Skill      XL: |  1  2  3  4  5  6  7  8  9 |
---------------+----------------------------+-----
Conjurations   | 2 3 4 5 6 7 |  7.3
Stealth        | 3 4 5 6 |  6.3
Summonings     | 2 3 4 5 |  5.1
Translocations | 2 3 |  3.7
Spellcasting   | 6 |  6.6
Dodging        | 3 5 6 |  6.2
Fighting       | 1 3 |  3.7

Action                   |  1- 3 |  4- 6 |  7- 9 || total
-------------------------+-------+-------+-------++-------
Melee: Hand axe          |     5 |    32 |       ||    37
       Dagger            |     3 |     6 |       ||     9
       Short sword       |       |    11 |     3 ||    14
       Staff             |       |       |     3 ||     3
 Cast: Magic Dart        |    59 |   104 |   299 ||   462
       Call Imp          |    16 |    39 |   163 ||   218
       Conjure Flame     |       |     2 |       ||     2
       Animate Skeleton  |       |       |     8 ||     8
       Blink             |       |       |     2 ||     2
Evoke: Wand              |       |       |     1 ||     1
  Use: Scroll            |       |       |    14 ||    14
       Potion            |       |       |     2 ||     2
 Stab: Distracted        |       |     1 |       ||     1
  Eat: Chunk             |     2 |     9 |    16 ||    27
       Ration            |       |       |     5 ||     5
Armor: Robe              |     2 |     3 |    29 ||    34
       Leather armour    |       |       |    16 ||    16
Dodge: Dodged            |    11 |    24 |   116 ||   151
Block: Buckler           |       |     8 |    38 ||    46
